 Dungeon Crawl Stone Soup version 0.23.0-3-gf3c87f2 (webtiles) character file.

Game seed: 12157453833428946901

29789 melvinkitnick the Severer (level 13, -6/123 HPs)
             Began as a Deep Dwarf Fighter on Feb 24, 2019.
             Was the Champion of Makhleb.
             Killed from afar by a wizard (37 damage)
             ... with a crystal spear
             ... on level 14 of the Dungeon.
             The game lasted 00:37:01 (14098 turns).

melvinkitnick the Severer (Deep Dwarf Fighter)     Turns: 14098, Time: 00:37:02

Health: -6/123     AC: 16    Str: 24    XL:     13   Next: 17%
Magic:  6/6        EV: 10    Int: 10    God:    Makhleb [******]
Gold:   818        SH:  0    Dex: 12    Spells: 12/12 levels left

rFire    . . .     SeeInvis .   D - +2 battleaxe
rCold    + . .     Gourm    .   (shield currently unavailable)
rNeg     . . .     Faith    .   I - +0 chain mail {rPois}
rPois    +         Spirit   .   e - +0 hat
rElec    +         Reflect  .   b - +0 cloak
rCorr    .         Harm     .   y - +0 pair of gloves
MR       +....                  J - +0 pair of boots
Stlth    ..........             N - amulet "Zuta" {rElec Regen+}
HPRegen  0.00/turn              o - ring of protection from cold
MPRegen  0.10/turn              F - +2 ring of evasion

@: non-regenerating
A: damage resistance, heal wounds, sense surroundings 2, no regeneration
a: Heal Wounds, Minor Destruction, Lesser Servant of Makhleb, Major Destruction,
Greater Servant of Makhleb, Renounce Religion


You were on level 14 of the Dungeon.
You worshipped Makhleb.
Makhleb was exalted by your worship.
You were not hungry.

You visited 2 branches of the dungeon, and saw 15 of its levels.
You also visited: Sewer.

You collected 818 gold pieces.

Inventory:

Hand Weapons
 h - a +0 war axe of chopping
 r - a +2 flail of crushing
 D - a +2 battleaxe (weapon)
 P - a +2 battleaxe
Missiles
 G - 3 throwing nets (quivered)
Armour
 b - a +0 cloak (worn)
 c - a +0 shield
 e - a +0 hat (worn)
 y - a +0 pair of gloves (worn)
 I - a +0 chain mail of poison resistance (worn)
 J - a +0 pair of boots (worn)
Jewellery
 o - a ring of protection from cold (left hand)
 t - an uncursed ring of flight
 C - an uncursed amulet of the acrobat
 F - a +2 ring of evasion (right hand)
 N - the amulet "Zuta" (around neck) {rElec Regen+}
   (You found it on level 13 of the Dungeon)

   [amulet of regeneration]

   It insulates you from electricity.
   It increases your rate of regeneration.
Wands
 E - a wand of clouds (2)
 H - a wand of digging (5)
 K - a wand of random effects (26)
 L - a wand of scattershot (12)
 M - a wand of disintegration (15)
Scrolls
 a - 2 scrolls of silence
 g - 3 scrolls of fog
 i - 5 scrolls of teleportation
 n - 3 scrolls of remove curse
 R - 3 scrolls of fear
Potions
 d - 5 potions of might
 l - 3 potions of lignification
 m - a potion of resistance
 p - a potion of berserk rage
 q - 4 potions of cancellation
 s - 3 potions of ambrosia
 u - 2 potions of invisibility
 v - a potion of curing
 w - 5 potions of flight
 x - 2 potions of heal wounds
 z - 2 potions of agility {unknown}
 A - a potion of mutation {unknown}
 B - 4 potions of haste
 Q - 2 potions of magic {unknown}
Miscellaneous
 O - a phantom mirror
Comestibles
 f - 28 rations
 j - 4 chunks of flesh


   Skills:
 + Level 9.8 Fighting
 * Level 16.3 Axes
 + Level 11.4 Armour
 - Level 3.2 Shields
 - Level 8.0 Invocations
 + Level 6.4 Evocations


You had 12 spell levels left.
You didn't know any spells.
Your spell library contained the following spells:

 Spells                   Type           Power        Failure   Level  Hunger
 Animate Skeleton         Necr           N/A          88%         1    ##.....
 Apportation              Tloc           #.....       88%         1    ##.....
 Confusing Touch          Hex            #.....       88%         1    ##.....
 Magic Dart               Conj           #...         88%         1    ##.....
 Summon Small Mammal      Summ           #...         88%         1    ##.....
 Blink                    Tloc           N/A          96%         2    ###....
 Call Imp                 Summ           #.......     96%         2    ###....
 Slow                     Hex            #.......     96%         2    ###....
 Confuse                  Hex            #.......     99%         3    ####...
 Conjure Flame            Conj/Fire      #.......     99%         3    ####...
 Gell's Gravitas          Tloc           #.........   99%         3    ####...
 Mephitic Cloud           Conj/Pois/Air  #.......     99%         3    ####...
 Petrify                  Tmut/Erth      #.......     100%        4    #####..
 Bolt of Magma            Conj/Fire/Erth #.........   100%        5    ######.
 Iskenderun's Battlesphe  Conj/Chrm      #.......     100%        5    ######.
 Metabolic Englaciation   Hex/Ice        #.........   100%        5    ######.
 Venom Bolt               Conj/Pois      #.........   100%        5    ######.
 Yara's Violent Unravell  Hex/Tmut       #.........   100%        5    ######.
 Iron Shot                Conj/Erth      #.........   100%        6    #######
 Orb of Destruction       Conj           #.........   100%        7    #######
 Spellforged Servitor     Conj/Summ      #.........   100%        7    #######


Dungeon Overview and Level Annotations

Branches:
Dungeon (14/15)            Temple (1/1) D:4            Lair (0/6) D:10
    Orc (0/2) D:11         Vaults (0/5) D:14

Altars:
Ashenzari
Cheibriados
Dithmenos
Elyvilon
Fedhas
Gozag
Hepliaklqana
Kikubaaqudgha
Makhleb
Nemelex Xobeh
Okawaru
Qazlal
Ru
Sif Muna
Trog
Uskayaw
Vehumet
Wu Jian
Xom
Yredelemnul
Zin
The Shining One

Shops:
D:4 ?   D:6 *   D:10 }

Annotations:
D:3 dig;let this monkey go out of his cage :(
D:4 dig


Innate Abilities, Weirdness & Mutations

You are resistant to damage.
You can heal yourself by infusing magical energy.
You passively map the area around you.
You do not regenerate.


Message History

The two-headed ogre hits you with a +0 dire flail!
* * * LOW HITPOINT WARNING * * *
The wizard casts a spell at you.
The crystal spear hits you but does no damage.
The necromancer barely misses you.
Your magical essence is drained by the effort!
You feel much better.
The two-headed ogre hits you with a +0 giant club!
* * * LOW HITPOINT WARNING * * *
The two-headed ogre hits you with a +0 dire flail!
* * * LOW HITPOINT WARNING * * *
The wizard hits you but does no damage.
The necromancer hits you with a +0 dagger.
You feel much better.
The two-headed ogre hits you with a +0 giant club!
* * * LOW HITPOINT WARNING * * *
The two-headed ogre barely misses you.
The wizard points at you and mumbles some strange words.
The crystal spear hits you!!!
You die...

* * ######## * , * *
........> +* *, *
#......... , +, *
.+.........
########+#.# .........
##..........# .........
#...........# .........
#..........#**.[.......
#.####@##### ######.#
#.#..pOp..# #######...#
#.#...∩...# #.........#
#.#.......# #(........#
#.######### #.........#
#.####.## #.....[...#
#.......# #>........'
#######.# #.........#
#.# #.........#


You could see a two-headed ogre, a necromancer and a wizard.

Vanquished Creatures
  A centaur warrior (D:13)
  A death knight (D:14)
  4 two-headed ogres
  2 tengu warriors (D:14)
  An unseen horror (D:13)
  A flayed ghost (D:13)
  10 ugly things
  Joseph (D:7)
  A centaur skeleton (D:13)
  A queen bee (D:9)
  2 tengu conjurers (D:14)
  2 hornets
  5 trolls
  A merfolk (D:13)
  4 hippogriffs
  A vampire (D:11)
  Sigmund (D:2)
  2 shadows
  6 wraiths (D:13)
  17 yaks
  10 fire bats (D:13)
  A basilisk (D:11)
  2 vampire mosquitoes (D:14)
  A fire bat (shapeshifter) (D:9)
  A hungry ghost (D:9)
  Menkaure (D:4)
  A warg (D:11)
  Duvessa (D:4)
  2 water moccasins
  3 orc warriors
  4 ice beasts
  2 sky beasts
  9 ogres
  5 eyes of draining
  3 phantoms
  22 centaurs
  A crocodile (D:11)
  9 big kobolds
  5 bullfrogs
  A wyvern skeleton (D:12)
  6 scorpions
  Dowan (D:4)
  A water moccasin skeleton (D:10)
  10 wights
  23 killer bees
  4 howler monkeys (D:10)
  4 electric eels
  A centaur zombie (D:12)
  5 crimson imps
  A bullfrog zombie (D:11)
  3 quasits
  5 hounds
  2 jellies
  8 orc priests
  3 bullfrog skeletons
  2 gnoll shamans
  3 iguanas
  13 orc wizards
  7 worker ants
  54 gnolls
  A howler monkey skeleton (D:11)
  14 adders
  A river rat (Sewer)
  2 shadow imps
  2 oozes (D:2)
  3 adder zombies
  An adder skeleton (D:5)
  3 worms
  4 dart slugs
  7 leopard geckos
  43 orcs
  A ball python (D:5)
  7 giant cockroaches
  12 goblins
  11 hobgoblins
  27 jackals
  8 quokkas
  70 bats
  10 frilled lizards
  A jackal zombie (D:5)
  27 kobolds
  2 leopard gecko zombies
  10 rats
  A plant (D:1)
572 creatures vanquished.

Vanquished Creatures (others)
  2 orc wizards (D:10)
2 creatures vanquished.

Grand Total: 574 creatures vanquished

Notes
Turn   | Place    | Note
-------+----------+-------------------------------------------
     0 | D:1      | melvinkitnick the Deep Dwarf Fighter began the quest for
                  | the Orb.
     0 | D:1      | Reached XP level 1. HP: 20/20 MP: 1/1
   116 | D:1      | Reached skill level 3 in Axes
   130 | D:1      | Reached XP level 2. HP: 24/27 MP: 2/2
   561 | D:1      | Reached XP level 3. HP: 26/33 MP: 3/3
   564 | D:1      | Reached skill level 4 in Axes
  1179 | D:2      | Reached XP level 4. HP: 25/40 MP: 4/4
  1235 | D:2      | Found a shadowy altar of Dithmenos.
  1240 | D:2      | Reached skill level 5 in Axes
  1421 | D:2      | Noticed Sigmund
  1434 | D:2      | Killed Sigmund
  1434 | D:2      | Reached skill level 6 in Axes
  1434 | D:2      | Reached XP level 5. HP: 32/46 MP: 4/4
  1746 | D:2      | Reached skill level 7 in Axes
  1801 | D:2      | Reached XP level 6. HP: 30/55 MP: 5/5
  2147 | D:3      | Found a shadowy altar of Dithmenos.
  2401 | D:3      | Reached skill level 8 in Axes
  2452 | D:3      | Reached XP level 7. HP: 41/61 MP: 4/4
  2487 | D:3      | Reached skill level 9 in Axes
  2956 | D:3      | Reached skill level 10 in Axes
  3226 | D:4      | Noticed Dowan
  3241 | D:4      | Killed Dowan
  3270 | D:4      | Noticed Duvessa
  3292 | D:4      | Killed Duvessa
  3292 | D:4      | Reached XP level 8. HP: 42/68 MP: 4/4
  3389 | D:4      | Found Wamerr's Magic Scroll Shop.
  3393 | D:4      | Found a staircase to the Ecumenical Temple.
  3404 | Temple   | Entered the Ecumenical Temple
  3560 | Temple   | Became a worshipper of Makhleb the Destroyer
  3686 | D:4      | Noticed Menkaure
  3690 | D:4      | Killed Menkaure
  3690 | D:4      | Reached skill level 11 in Axes
  4141 | D:4      | Found a bloodstained altar of Trog.
  4244 | D:5      | Entered Level 5 of the Dungeon
  4340 | D:5      | Reached skill level 12 in Axes
  4399 | D:5      | Found a glowing drain.
  4414 | Sewer    | Entered a sewer
  4491 | Sewer    | Reached * piety under Makhleb
  4502 | Sewer    | Reached skill level 1 in Invocations
  4520 | Sewer    | Found a white marble altar of Elyvilon.
  4846 | D:5      | Gained mutation: You passively map the area around you.
                  | [Deep Dwarf growth]
  4846 | D:5      | Reached XP level 9. HP: 47/75 MP: 4/4
  5478 | D:6      | Found a snail-covered altar of Cheibriados.
  5757 | D:6      | Found Ysileclogg's Assorted Antiques.
  5878 | D:6      | Reached ** piety under Makhleb
  6437 | D:7      | Noticed Joseph
  6464 | D:7      | Killed Joseph
  6464 | D:7      | Reached skill level 5 in Armour
  6589 | D:7      | Reached skill level 5 in Invocations
  7337 | D:8      | Noticed a two-headed ogre
  7348 | D:8      | Killed a two-headed ogre
  7348 | D:8      | Reached skill level 5 in Fighting
  7348 | D:8      | Reached skill level 13 in Axes
  7348 | D:8      | Reached XP level 10. HP: 52/88 MP: 8/8
  7565 | D:8      | Found an ornate altar of the Wu Jian Council.
  7807 | D:9      | Noticed a two-headed ogre
  7833 | D:9      | Killed a two-headed ogre
  7970 | D:9      | Reached *** piety under Makhleb
  8030 | D:9      | Found a deep blue altar of Sif Muna.
  8297 | D:9      | Noticed an orange demon
  8446 | D:9      | Got a shimmering robe
  8501 | D:9      | Reached **** piety under Makhleb
  8575 | D:9      | Reached XP level 11. HP: 99/99 MP: 7/7
  8933 | D:10     | Entered Level 10 of the Dungeon
  8933 | D:10     | Found Immuk's Gadget Shoppe.
  9251 | D:10     | Found a staircase to the Lair.
  9268 | D:10     | Reached skill level 14 in Axes
  9326 | D:10     | Reached ***** piety under Makhleb
 10057 | D:11     | Found a staircase to the Orcish Mines.
 10789 | D:12     | Reached skill level 10 in Armour
 11052 | D:12     | Reached XP level 12. HP: 112/112 MP: 8/8
 11271 | D:13     | Noticed a two-headed ogre
 11300 | D:13     | Killed a two-headed ogre
 11300 | D:13     | Reached skill level 1 in Evocations
 11407 | D:13     | Reached ****** piety under Makhleb
 11407 | D:13     | Reached skill level 15 in Axes
 11419 | D:13     | Noticed a two-headed ogre
 11436 | D:13     | Killed a two-headed ogre
 11908 | D:13     | Found a runed translucent door.
 11911 | D:13     | Found a snail-covered altar of Cheibriados.
 11965 | D:13     | Found a glowing silver altar of Zin.
 12012 | D:13     | Found a stormy altar of Qazlal.
 12012 | D:13     | Noticed a centaur warrior
 12019 | D:13     | Killed a centaur warrior
 12123 | D:13     | Found a glowing silver altar of Zin.
 12153 | D:13     | Found a shattered altar of Ashenzari.
 12267 | D:13     | Found a shadowy altar of Dithmenos.
 12610 | D:13     | Got a brightly glowing pewter amulet
 12615 | D:13     | Identified the amulet "Zuta" {rElec Regen+} (You found it
                  | on level 13 of the Dungeon)
 13401 | D:14     | Noticed a tengu warrior
 13434 | D:14     | Killed a tengu warrior
 13434 | D:14     | Reached skill level 5 in Evocations
 13540 | D:14     | Reached skill level 16 in Axes
 13648 | D:14     | Noticed a tengu warrior
 13676 | D:14     | Killed a tengu warrior
 13745 | D:14     | Reached XP level 13. HP: 89/121 MP: 8/8
 14090 | D:14     | Found a gate to the Vaults.
 14096 | D:14     | HP: 6/123 [two-headed ogre/+0 giant club (9)]
 14098 | D:14     | Killed from afar by a wizard

Skill      XL: |  1  2  3  4  5  6  7  8  9 10 11 12 13 |
---------------+----------------------------------------+-----
Axes           | 3 4 6 7 8 10 12 13 14 16 | 16.3
Invocations    | 2 6 8 |  8.0
Fighting       | 3 5 6 8 9 |  9.8
Armour         | 6 7 10 11 | 11.4
Evocations     | 5 6 |  6.4
Shields        | |  3.2

Action                   |  1- 3 |  4- 6 |  7- 9 | 10-12 | 13-15 || total
-------------------------+-------+-------+-------+-------+-------++-------
Melee: War axe           |   181 |   234 |   521 |  1175 |       ||  2111
       Battleaxe         |       |       |       |    78 |    75 ||   153
Throw: Throwing net      |       |       |     1 |       |       ||     1
 Abil: Heal Wounds       |     1 |     7 |    11 |    23 |     6 ||    48
       Evoke Flight      |       |       |     1 |       |       ||     1
Evoke: Wand              |       |       |       |     1 |       ||     1
  Use: Scroll            |       |     3 |    13 |     5 |     3 ||    24
       Potion            |       |       |     1 |     2 |       ||     3
  Eat: Chunk             |     1 |     5 |    14 |    26 |     1 ||    47
       Ration            |       |       |     1 |       |       ||     1
Armor: Scale mail        |    13 |       |       |       |       ||    13
       Plate armour      |   114 |   152 |   317 |   755 |     8 ||  1346
       Chain mail        |       |       |       |       |    21 ||    21
Dodge: Dodged            |    25 |    41 |    73 |   380 |    35 ||   554
Block: Shield            |    99 |   138 |   271 |   640 |       ||  1148
